 Dungeon Crawl Stone Soup version 0.28-a0-883-gc8d7bad45d (webtiles) character file.

Game seed: 17620295188582072433

31 mandarbmax the Shooter (level 3, -1/28 HPs)
             Began as a Demonspawn Hunter on Nov 21, 2021.
             Succumbed to an adder's poison
             ... on level 1 of the Dungeon.
             The game lasted 00:03:02 (1486 turns).

mandarbmax the Shooter (Demonspawn Hunter)          Turns: 1486, Time: 00:03:03

Health: -1/28      AC:  5    Str: 13    XL:     3   Next: 7%
Magic:  3/3        EV: 12    Int: 12    God:
Gold:   107        SH:  0    Dex: 17    Spells: 2/2 levels left

rFire   . . .      SeeInvis .   b - +0 short sword
rCold   . . .      Faith    .   (no shield)
rNeg    . . .      Spirit   .   c - +0 leather armour
rPois   +          Reflect  .   i - +0 helmet
rElec   .          Harm     .   g - +0 cloak
rCorr   .          Rampage  .   (no gloves)
Will    .....                   (no boots)
Stlth   ++++......              (no amulet)
HPRegen 0.09/turn               e - ring of poison resistance
MPRegen 0.08/turn               (no ring)

@: lethally poisoned (-1 -> -11), weak-willed
A: thin skeletal structure 2
a: no special abilities


You were on level 1 of the Dungeon.
You visited 1 branch of the dungeon, and saw 2 of its levels.

You collected 107 gold pieces.

Inventory:

Hand Weapons
 a - a +1 shortbow
 b - a +0 short sword (weapon)
Missiles
 d - 47 arrows
Armour
 c - a +0 leather armour (worn)
 g - a +0 cloak (worn)
 i - a +0 helmet (worn)
Jewellery
 e - a ring of poison resistance (left hand)


   Skills:
 - Level 2.3 Fighting
 + Level 4.0 Bows
 - Level 2.1 Dodging
 - Level 1.5 Stealth


You had 2 spell levels left.
You didn't know any spells.
Your spell library contained the following spells:

 Spells                   Type           Power      Damage    Failure   Level
 Foxfire                  Conj/Fire      0%         2x1d4     38%         1
 Conjure Flame            Conj/Fire      0%         6-21      77%         3
 Inner Flame              Hex/Fire       0%         N/A       77%         3
 Flame Wave               Conj/Fire      0%         3d3       99%         4


Dungeon Overview and Level Annotations

Branches:
Dungeon (2/15)

Altars:

Annotations:
D:2 Sigmund


Innate Abilities, Weirdness & Mutations

You have a moderately thin skeletal structure. (Dex +4, Stealth++)


Message History

The adder bites you but does no damage.
You feel sick.
You feel sick.
There is an escape hatch in the ceiling here.
You feel sick.
You are no longer poisoned.
The adder closely misses you.
Sigmund casts a spell.
Sigmund flickers and vanishes!
Deactivating autopickup; reactivate with Ctrl-A.
The adder bites you. A mysterious force pulls you upwards.
The hatch slams shut behind you.
Reactivating autopickup.
Unknown command.
Unknown command.
You feel better. The adder bites you.
You miss the adder.
The adder is heavily wounded.
The adder barely misses you.
You miss the adder.
The adder is heavily wounded.
The adder bites you.
You are poisoned.
The adder poisons you! The adder closely misses you.
You hit the adder but do no damage.
The adder is heavily wounded.
You feel sick. The adder misses you.
You closely miss the adder.
The adder is heavily wounded.
You feel sick. The adder bites you but does no damage. The adder bites you.
* * * LOW HITPOINT WARNING * * *
You hit the adder but do no damage.
The adder is heavily wounded.
You feel sick. The adder bites you.
* * * LOW HITPOINT WARNING * * *
You are more poisoned.
The adder poisons you!
You barely miss the adder.
The adder is heavily wounded.
You die...

#...............##
#...............##
#.#####........... #.#
#........... #.#
#........... #.##
##.......... #..#
#.........##
#S'#####........##
#@#≈≈≈≈#.........#
#.#≈...#.........#
##.#≈...#..........
#..#≈...#..........
######.##≈...#......####
#.......#####'......#
#.........# #########
#.........##############
#..>....................


You could see an adder (weak-willed).

Vanquished Creatures
  3 endoplasms (D:1)
  2 giant cockroaches
  4 goblins
  3 hobgoblins (D:1)
  3 quokkas
  2 ball pythons (D:1)
  A bat (D:1)
  4 frilled lizards
  4 kobolds (D:1)
  A rat (D:1)
27 creatures vanquished.

Notes
Turn   | Place    | Note
-------+----------+-------------------------------------------
     0 | D:1      | mandarbmax the Demonspawn Hunter began the quest for the
                  | Orb.
     0 | D:1      | Reached XP level 1. HP: 16/16 MP: 1/1
    47 | D:1      | Reached skill level 1 in Stealth
   171 | D:1      | Gained mutation: You have a somewhat thin skeletal
                  | structure. (Dex +2, Stealth+) [demonic ancestry]
   171 | D:1      | Reached XP level 2. HP: 18/22 MP: 2/2
   430 | D:1      | Found a faded altar of an unknown god.
  1323 | D:2      | Gained mutation: You have a moderately thin skeletal
                  | structure. (Dex +4, Stealth++) [demonic ancestry]
  1323 | D:2      | Reached XP level 3. HP: 28/28 MP: 3/3
  1459 | D:2      | Reached skill level 4 in Bows
  1465 | D:2      | Noticed Sigmund
  1485 | D:1      | HP: 1/28 [adder (4)]
  1486 | D:1      | Succumbed to an adder's poison

Illustrated notes

Levels and vault maps discovered:
D:1:      evilmike_arrival_crescent, layout_rooms,
          dreamdust_ecumenical_altar_statues, serial_rivers,
          chequers_serial_rivers_room_a, chequers_serial_rivers_large_b,
          chequers_serial_rivers_small_b, chequers_serial_rivers_marsh,
          chequers_serial_rivers_large_a, chequers_serial_rivers_room_b
D:2:      layout_rooms, serial_park_tiny_1, small_statue_intersection,
          grunt_decor_resistance, uniq_sigmund

Skill      XL: |  1  2  3 |
---------------+----------+-----
Stealth        | 1 |  1.5
Dodging        | 2 |  2.1
Bows           | 4 |  4.0
Fighting       | |  2.3

Action                   || total
-------------------------++-------
Melee: Short sword       ||    93
 Fire: Shortbow          ||     5
  Use: Scroll            ||     2
       Potion            ||     2
 Stab: Sleeping          ||     5
Armor: Leather armour    ||    26
Dodge: Dodged            ||    55

Table legend: (Time is in decaauts)
 A = Elapsed time spent in this place.
 B = Non-inter-level travel time spent in this place.
 C = Inter-level travel time spent in this place.
 D = Time resting spent in this place.
 E = Time spent auto-exploring this place.
 F = Levels seen in this place.
 G = Mean time per level.
                   A        B        C        D        E       F      G
               +--------+--------+--------+--------+--------+-----+--------+
         Total |   1526 |   1472 |     54 |    263 |    946 |   2 |  763.0 |
       Dungeon |   1526 |   1472 |     54 |    263 |    946 |   2 |  763.0 |
               +--------+--------+--------+--------+--------+-----+--------+

Top non-repeatable levels by time:
     D:1: 1352 daAuts
     D:2: 174 daAuts
